 Dungeon Crawl Stone Soup version 0.30-a0-972-gf3ab3527aa (webtiles) character file.

Game seed: 3182742275430197513

686 Zonian the Ruffian (level 7, -5/56 HPs)
             Began as a Barachi Gladiator on Apr 1, 2023.
             Was an Initiate of Ashenzari.
             Slain by a wraith (12 damage)
             ... in an ossuary.
             The game lasted 00:10:01 (3908 turns).

Zonian the Ruffian (Barachi Gladiator)              Turns: 3908, Time: 00:10:02

Health: -5/56      AC:  4    Str: 17    XL:     7   Next: 62%
Magic:  7/7        EV: 13    Int:  8    God:    Ashenzari [......]
Gold:   277        SH:  3    Dex: 14    Spells: 6/6 levels left

rFire   . . .      SeeInvis .      - Unarmed
rCold   . . .      Faith    .    w - +0 buckler
rNeg    . . .      Spirit   .    a - +0 leather armour
rPois   .          Reflect  .    b - +0 helmet
rElec   .          Rampage  .    (no cloak)
rCorr   +                        (no gloves)
Will    .....                    (no boots)
Stlth   +                        f - amulet of regeneration
HPRegen 1.09/turn                t - ring of resist corrosion
MPRegen 0.10/turn                (no ring)

@: slowed, very slow
A: amphibious, slowness 1, strong legs 1, +LOS
a: Hop, Renounce Religion


You were in an ossuary.
You worshipped Ashenzari.
Ashenzari was noncommittal.
You visited 2 branches of the dungeon, and saw 6 of its levels.
You also visited: Ossuary.

You collected 277 gold pieces.

Inventory:

Missiles
 c - a throwing net (quivered)
 d - a javelin
 i - 2 boomerangs
Armour
 a - a +0 leather armour (worn)
 b - a +0 helmet (worn)
 w - a +0 buckler (worn)
Jewellery
 f - an amulet of regeneration (around neck)
 r - an amulet of reflection
 t - a ring of resist corrosion (left hand)
 u - an amulet of faith
Wands
 q - a wand of flame (22)
Scrolls
 h - a scroll of amnesia
 j - 6 scrolls of teleportation
 m - 2 scrolls of brand weapon
 n - 3 scrolls of identify
 o - 2 scrolls of fear {unknown}
 p - 2 scrolls of poison {unknown}
 s - 2 scrolls of vulnerability
 v - a scroll of torment
Potions
 e - a potion of heal wounds
 g - 4 potions of attraction
 k - 3 potions of magic
 l - 4 potions of curing
 x - a potion of brilliance {unknown}


   Skills:
 + Level 5.3 Fighting
 + Level 4.5 Throwing
 + Level 5.4 Dodging
 + Level 5.5 Unarmed Combat


You had 6 spell levels left.
You didn't know any spells.
Your spell library contained the following spells:

 Spells                   Type           Power      Damage    Failure   Level
 Slow                     Hex            0%         N/A       58%         1
 Confusing Touch          Hex            0%         N/A       91%         3
 Ignite Poison            Fire/Tmut/Pois 0%         N/A       91%         3
 Vampiric Draining        Necr           0%         2d6       91%         3
 Sticky Flame             Conj/Fire      0%         2d3       100%        4
 Alistair's Intoxication  Tmut/Pois      0%         N/A       100%        5
 Borgnjor's Vile Clutch   Necr/Erth      0%         N/A       100%        5
 Eringya's Noxious Bog    Tmut/Pois      0%         N/A       100%        6
 Ignition                 Fire           0%         3d3       100%        8


Dungeon Overview and Level Annotations

Branches:
Dungeon (5/15)             Temple (1/1) D:5         Ossuary (1/1)

Altars:
Ashenzari
Cheibriados
Dithmenos
Gozag
Hepliaklqana
Makhleb
Nemelex Xobeh
Ru
Sif Muna
Trog
Uskayaw

Shops:
D:2 (

Annotations:
D:1 1 transporter
D:2 1 runed translucent door, Crazy Yiuf


Innate Abilities, Weirdness & Mutations

You are amphibious.
You cover ground slowly.
You can hop short distances.
You have an extended range of vision and can be seen from far away.


Message History

You hit the wraith but do no damage.
The wraith is severely damaged.
The wraith hits you!
* * * LOW HITPOINT WARNING * * *
The wraith drains your vigour!
You feel as though you will be slow longer.
You feel much better. The wraith barely misses you.
You closely miss the wraith.
The wraith is severely damaged.
The wraith closely misses you. x2
You hit the wraith but do no damage.
The wraith is severely damaged.
The wraith barely misses you.
You hit the wraith but do no damage.
The wraith is severely damaged.
The wraith barely misses you. The wraith misses you.
You hit the wraith.
The wraith is almost destroyed.
The wraith hits you.
You hit the wraith but do no damage.
The wraith is almost destroyed.
The wraith barely misses you. The wraith hits you!
The wraith drains your vigour!
You feel as though you will be slow longer.
You hit the wraith.
The wraith is almost destroyed.
The wraith completely misses you.
You hit the wraith.
The wraith is almost destroyed.
The wraith barely misses you. The wraith hits you!
* * * LOW HITPOINT WARNING * * *
You closely miss the wraith.
The wraith is almost destroyed.
The wraith barely misses you.
You closely miss the wraith.
The wraith is almost destroyed.
The wraith hits you!
* * * LOW HITPOINT WARNING * * *
The wraith hits you!
You die...

#...............# #z# #.....#
##.......###.###▓#####.8.8.#
#.......#z#.'.....'.......'
###.......###.###▓#####.8.8.#
#...............# #W# #.....#
#.###..###..###.# ### #######
#..# #..#.#.# ##..###..##W.#
...........@.# ##############


You could see a wraith.

Vanquished Creatures
  Grinder (D:4)
  3 scorpions
  An iguana (D:4)
  A sleepcap (D:4)
  Terence (D:3)
  An orc wizard (D:3)
  9 adders
  A white imp (D:5)
  3 ufetubi
  4 adder zombies (Ossuary)
  3 dart slugs
  7 orcs
  4 bats
  6 endoplasms
  6 giant cockroaches
  3 goblins
  12 hobgoblins
  4 jackals (D:4)
  2 quokkas
  2 ball pythons
  A ball python skeleton (Ossuary)
  3 frilled lizards
  A hobgoblin skeleton (Ossuary)
  A hobgoblin zombie (Ossuary)
  6 kobolds
  An orc skeleton (Ossuary)
  2 orc zombies (Ossuary)
  3 rats
92 creatures vanquished.

Notes
Turn   | Place    | Note
-------+----------+-------------------------------------------
     0 | D:1      | Zonian the Barachi Gladiator began the quest for the Orb.
     0 | D:1      | Reached XP level 1. HP: 17/17 MP: 1/1
   163 | D:1      | Reached XP level 2. HP: 11/23 MP: 2/2
   897 | D:2      | Reached XP level 3. HP: 26/28 MP: 3/3
   927 | D:2      | Found Abin's Antique Weapon Shoppe.
  1057 | D:2      | Found a shadowy altar of Dithmenos.
  1380 | D:2      | Reached XP level 4. HP: 35/35 MP: 4/4
  1427 | D:2      | Found a runed translucent door.
  1428 | D:2      | Noticed Crazy Yiuf
  1816 | D:3      | Found a sacrificial altar of Ru.
  1988 | D:3      | Reached XP level 5. HP: 41/41 MP: 5/5
  2085 | D:3      | Noticed Terence
  2095 | D:3      | Killed Terence
  2447 | D:4      | Reached XP level 6. HP: 9/48 MP: 6/6
  3206 | D:4      | Noticed Grinder
  3216 | D:4      | Paralysed by Grinder for 4 turns
  3243 | D:4      | Killed Grinder
  3244 | D:4      | Reached skill level 5 in Fighting
  3244 | D:4      | Reached skill level 5 in Dodging
  3244 | D:4      | Reached skill level 5 in Unarmed Combat
  3244 | D:4      | Reached XP level 7. HP: 56/56 MP: 7/7
  3501 | D:5      | Entered Level 5 of the Dungeon
  3584 | D:5      | Found a staircase to the Ecumenical Temple.
  3594 | Temple   | Entered the Ecumenical Temple
  3612 | Temple   | Became a worshipper of Ashenzari the Shackled
  3659 | D:5      | Found an opulent altar of Gozag.
  3693 | D:5      | Found a sand-covered staircase.
  3709 | Ossuary  | Entered an ossuary
  3831 | Ossuary  | Noticed a flying skull
  3831 | Ossuary  | Noticed a wraith
  3846 | Ossuary  | Noticed a flying skull
  3879 | Ossuary  | Noticed a wraith
  3908 | Ossuary  | Slain by a wraith

Illustrated notes

Levels and vault maps discovered:
D:1:      spicycebolla_arrival_risky_transporter, layout_basic, st_stairs_11,
          chequers_serial_rivers_micro_d
D:2:      layout_loops_ring, basic_altar, serial_shops, nicolae_shop_trees,
          uniq_crazy_yiuf_cottage
D:3:      layout_basic, nicolae_ru_great_annihilating_truth, uniq_terence
D:4:      layout_loops_cross, uniq_grinder
D:5:      black_bear_nest_2, layout_basic,
          nicolae_gozag_cash_rules_everything_around_me,
          minmay_temple_entry_antechambers, enter_ossuary_1,
          lightli_sewer_entry_pipes, nicolae_elevator_lobby_asterisk
Temple:   hellmonk_temple_forest_ring
Ossuary:  ossuary_due_cavern

Skill      XL: |  1  2  3  4  5  6 |
---------------+-------------------+-----
Fighting       | 3 4 5 |  5.3
Dodging        | 4 5 |  5.4
Unarmed Combat | 4 5 |  5.5
Throwing       | 3 4 |  4.5

Action                     |  1- 3 |  4- 6 |  7- 9 || total
---------------------------+-------+-------+-------++-------
  Melee: Unarmed           |   124 |   223 |   128 ||   475
         Punch             |     1 |     3 |       ||     4
  Throw: Throwing net      |       |     2 |       ||     2
         Javelin           |       |     1 |       ||     1
         Boomerang         |       |     1 |       ||     1
Ability: Hop               |     1 |       |       ||     1
    Use: Scroll            |       |     7 |     2 ||     9
         Potion            |       |     1 |     1 ||     2
   Stab: Sleeping          |     1 |       |       ||     1
         Held in net/web   |       |     1 |       ||     1
 Armour: Leather armour    |    44 |    45 |    17 ||   106
  Dodge: Dodged            |    91 |   159 |    56 ||   306
  Block: Buckler           |       |     7 |    15 ||    22

Table legend: (Time is in decaauts)
 A = Elapsed time spent in this place.
 B = Non-inter-level travel time spent in this place.
 C = Inter-level travel time spent in this place.
 D = Time resting spent in this place.
 E = Time spent auto-exploring this place.
 F = Levels seen in this place.
 G = Mean time per level.
                   A        B        C        D        E       F      G
               +--------+--------+--------+--------+--------+-----+--------+
         Total |   4425 |   4254 |    171 |    490 |   2478 |   7 |  632.1 |
       Dungeon |   4157 |   4002 |    155 |    490 |   2472 |   5 |  831.4 |
        Temple |     38 |     22 |     16 |      0 |      6 |   1 |   38.0 |
       Ossuary |    229 |    229 |      0 |      0 |      0 |   1 |  229.0 |
               +--------+--------+--------+--------+--------+-----+--------+

Top non-repeatable levels by time:
     D:4: 1337 daAuts
     D:1: 1025 daAuts
     D:2: 942 daAuts
     D:3: 651 daAuts
 Ossuary: 229 daAuts
     D:5: 201 daAuts
  Temple: 38 daAuts
